 Dungeon Crawl Stone Soup version 0.13.0-5-g7e31f0a (webtiles) character file.

949 Antur the Slasher (level 8, -1/58 HPs)
             Began as a Human Chaos Knight on Oct 14, 2013.
             Was a Plaything of Xom.
             Slain by a gnoll
             ... wielding a +0,+0 flail
              (9 damage)
             ... on Level 4 of the Dungeon.
             The game lasted 00:15:31 (3202 turns).

Antur the Slasher (Human Chaos Knight)              Turns: 3202, Time: 00:15:31

HP  -1/58        AC 10     Str 18      XL: 8   Next:  7%
MP   8/8         EV 13     Int 12      God: Xom
Gold 195         SH  0     Dex 12      Spells:  0 memorised,  7 levels left

Res.Fire  : + + .   See Invis. : .   a - +0,+1 falchion (chaos) (curse)
Res.Cold  : . . .   Warding    : .   b - +3 leather armour
Life Prot.: . . .   Conserve   : .   (no shield)
Res.Poison: .       Res.Corr.  : .   (no helmet)
Res.Elec. : .       Clarity    : .   n - +2 cloak
Sust.Abil.: . .     Spirit.Shd : .   t - +0 pair of gloves of a labyrinth {rF++ Str+2 Acc+4}
Res.Mut.  : .       Stasis     : .   (no boots)
Res.Rott. : .       Flight     : .   d - amulet of the gourmand
Gourmand  : +                        (no ring)
                                     (no ring)

@: about to teleport, slightly resistant to hostile enchantments, unstealthy
A: no striking features
a: Renounce Religion


You were on level 4 of the Dungeon.
You worshipped Xom.
You were a toy of Xom.
You were not hungry.

You visited 1 branch of the dungeon, and saw 4 of its levels.

You collected 175 gold pieces.

Inventory:

Hand weapons
 a - a cursed +0,+1 falchion of chaos (weapon)
 j - a cursed +2,+0 dagger of venom (quivered)
 o - a +0,+1 orcish war axe of draining
Missiles
 m - 2 silver javelins
Armour
 b - a +3 leather armour (worn)
 n - a +2 cloak (worn)
 t - the cursed +0 pair of gloves of a labyrinth (worn) {rF++ Str+2 Acc+4}
   (You found it on level 4 of the Dungeon)

   It affects your strength (+2).
   It affects your accuracy (+4).
   It greatly protects you from fire.
   It has a curse placed upon it.
Magical devices
 h - a wand of teleportation (5)
Comestibles
 c - 3 bread rations
 g - 3 meat rations
 l - an apple
Scrolls
 f - a scroll of recharging
 i - 2 scrolls of identify
 q - a scroll of amnesia {unknown}
Jewellery
 d - an amulet of the gourmand (around neck)
Potions
 k - a potion of curing
 p - 2 potions of brilliance


   Skills:
 + Level 3.8 Fighting
 * Level 6.3 Long Blades
 + Level 3.2 Armour
 + Level 4.5 Dodging
 + Level 2.1 Stealth


You had 7 spell levels left.
You didn't know any spells.

Dungeon Overview and Level Annotations

Branches:
Dungeon (4/27)
 Temple: D:4-7

Altars:
Trog


Message History

The gnoll shaman struggles against the net.
The gnoll hits you but does no damage. The gnoll hits you.
You hit the gnoll shaman but do no damage.
The gnoll shaman is severely wounded.
The gnoll shaman struggles against the net.
The net rips apart, and the gnoll shaman comes free!
The gnoll hits you with a flail! The gnoll shaman misses you.
The gnoll hits you but does no damage. The gnoll hits you with a flail!
* * * LOW HITPOINT WARNING * * *
Drink which item? (? for menu, Esc to quit)
Okay, then.
You don't know any spells.
Evoke which item? (* to show all) (? for menu, Esc to quit)
Zapping:
h - a wand of teleportation {recharged}
Press: ? - help, Shift-Dir - straight line, f - you You feel strangely unstable.
The gnoll shaman hits you with a glowing whip!
* * * LOW HITPOINT WARNING * * *
The gnoll closely misses you. The gnoll hits you with a flail!
You die...

####.........).#.%#..#######.....
.................................
≈≈≈≈≈≈≈≈≈≈≈≈≈≈....≈≈≈≈≈≈≈≈≈≈≈≈≈≈≈
≈≈≈≈≈≈≈≈≈≈≈≈≈≈....≈≈≈≈≈≈≈≈≈≈≈≈≈≈≈
##≈≈≈≈≈≈≈≈≈≈≈≈....≈≈≈≈≈≈≈≈≈≈≈≈###
g#............................ g
#############''''############ . .
#....#.......# #
.....#.g@g#)......# g
.....'...g%)......#
#################'# g #.......# g
≈.........# .........# .#..g.....
########.. . ...


You could see a gnoll shaman (berserk) and 2 gnolls.

Vanquished Creatures
  Menkaure (D:4)
  An ogre (D:4)
  A phantom (D:4)
  2 orc priests
  A gnoll shaman (D:4)
  A scorpion (D:4)
  2 worker ants (D:4)
  3 orc wizards (D:4)
  Ijyb (D:2)
  4 adders
  9 gnolls (D:4)
  2 worms
  A grey rat (D:3)
  A giant gecko (D:3)
  14 orcs
  A giant cockroach (D:3)
  7 hobgoblins
  8 jackals
  2 quokkas
  7 bats
  4 giant newts
  7 goblins
  2 kobolds
  25 rats
107 creatures vanquished.

Vanquished Creatures (collateral kills)
  An orc (D:3)
1 creature vanquished.

Vanquished Creatures (others)
  A giant gecko zombie (D:3)
1 creature vanquished.

Grand Total: 109 creatures vanquished

Notes
Turn   | Place    | Note
--------------------------------------------------------------
     0 | D:1      | Antur, the Human Chaos Knight, began the quest for the Orb.
     0 | D:1      | Reached XP level 1. HP: 16/16 MP: 1/1
   112 | D:1      | Reached XP level 2. HP: 22/22 MP: 2/2
   292 | D:1      | Reached XP level 3. HP: 24/28 MP: 3/3
   331 | D:1      | XOM is BORED!
   331 | D:1      | XOM: silly message
   365 | D:1      | XOM: harmless Divn miscast
   649 | D:2      | XOM: cast spell 'Blink'
   651 | D:2      | XOM: harmless Fire miscast
   676 | D:2      | Found a bloodstained altar of Trog.
   890 | D:2      | Noticed Ijyb
   890 | D:2      | XOM: potion effect (heal wounds)
   893 | D:2      | XOM: potion effect (might)
   896 | D:2      | XOM: potion effect (curing)
   902 | D:2      | Killed Ijyb
   902 | D:2      | Reached XP level 4. HP: 32/34 MP: 4/4
  1097 | D:2      | Reached skill level 4 in Long Blades
  1293 | D:2      | XOM: silly message
  1632 | D:3      | Reached XP level 5. HP: 36/40 MP: 5/5
  1840 | D:3      | Paralysed by a potion of paralysis for 7 turns
  1943 | D:3      | XOM: divination: detect creatures
  2051 | D:3      | XOM: divination: detect creatures
  2054 | D:3      | XOM: potion effect (agility)
  2059 | D:3      | XOM: cast spell 'Confusing Touch'
  2061 | D:3      | XOM: silly message
  2207 | D:4      | Reached XP level 6. HP: 32/46 MP: 6/6
  2290 | D:4      | Noticed a phantom
  2308 | D:4      | XOM: divination: detect creatures
  2314 | D:4      | XOM: potion effect (might)
  2331 | D:4      | Killed a phantom
  2331 | D:4      | Reached skill level 5 in Long Blades
  2343 | D:4      | Noticed an ogre
  2349 | D:4      | Killed an ogre
  2349 | D:4      | Reached skill level 1 in Stealth
  2369 | D:4      | Reached XP level 7. HP: 47/52 MP: 7/7
  2447 | D:4      | Got a pair of slimy gloves
  2448 | D:4      | Identified the cursed +0 pair of gloves of a labyrinth {rF++ Str+2 Acc+4} (You found it on level 4 of the Dungeon)
  2462 | D:4      | XOM: potion effect (agility)
  2515 | D:4      | Noticed Menkaure
  2537 | D:4      | Killed Menkaure
  2601 | D:4      | Reached skill level 6 in Long Blades
  3096 | D:4      | XOM: harmless Necr miscast
  3122 | D:4      | Reached XP level 8. HP: 35/58 MP: 8/8
  3202 | D:4      | Slain by a gnoll

Action                   |  1- 3 |  4- 6 |  7- 9 || total
-------------------------+-------+-------+-------++-------
Melee: Falchion          |    98 |   164 |   149 ||   411
Evoke: Wand              |       |     1 |     1 ||     2
  Use: Scroll            |     5 |     8 |     3 ||    16
       Potion            |     5 |     4 |     3 ||    12
 Stab: Paralysed         |       |     1 |     3 ||     4
       Sleeping          |       |     1 |       ||     1
       Confused          |       |       |     4 ||     4
       Held in net/web   |       |       |     1 ||     1
